 Seeded DCSS version 0.30-a0-476-g330ca2eb8e (webtiles) character file.

Game seed: 16792993399291170163 (custom seed)

2690 purpskrrrp the Nimble (level 9, -5/71 HPs)
             Began as a Merfolk Monk on Dec 22, 2022.
             Was a Follower of Yredelemnul.
             Slain by a yak (10 damage)
             ... on level 8 of the Dungeon.
             The game lasted 00:11:35 (7572 turns).

purpskrrrp the Nimble (Merfolk Monk)                Turns: 7572, Time: 00:11:35

Health: -5/71      AC: 19    Str: 16    XL:     9   Next: 64%
Magic:  0/9        EV:  9    Int: 15    God:    Yredelemnul [*.....]
Gold:   466        SH:  0    Dex: 20    Spells: 8/8 levels left

rFire   . . .      SeeInvis .    a - +0 falchion
rCold   . . .      Faith    .    (no shield)
rNeg    . . .      Spirit   +    q - +7 plate armour of the Slug {-Cast rPois Str+4}
rPois   +          Reflect  .    E - +0 helmet
rElec   .          Harm     .    (no cloak)
rCorr   +          Rampage  .    (no gloves)
Will    .....      NoCast   +    (no boots)
Stlth   ..........               p - amulet of guardian spirit
HPRegen 0.31/turn                e - ring of resist corrosion
MPRegen 0.11/turn                k - +6 ring of intelligence

@: on berserk cooldown, hasted and slowed
A: (nimble swimmer 2), mertail, wild magic 1
a: Renounce Religion, Recall Undead Harvest


You were on level 8 of the Dungeon.
You worshipped Yredelemnul.
Yredelemnul was noncommittal.
You visited 1 branch of the dungeon, and saw 8 of its levels.

You collected 893 gold pieces.
You spent 427 gold pieces at shops.

Inventory:

Hand Weapons
 a - a +0 falchion (weapon)
 v - a +2 scimitar of holy wrath
 w - a +1 scimitar of holy wrath
Armour
 b - a +0 robe
 q - the +7 plate armour of the Slug (worn) {-Cast rPois Str+4}
   (You acquired it on level 3 of the Dungeon)

   Str:       It affects your strength (+4).
   rPois:     It protects you from poison.
   -Cast:     It prevents spellcasting.
 E - a +0 helmet (worn)
Jewellery
 e - a ring of resist corrosion (left hand)
 g - a ring of ice
 k - a +6 ring of intelligence (right hand)
 l - a ring of wizardry
 p - an amulet of guardian spirit (around neck)
 A - a +6 ring of strength
Wands
 D - a wand of iceblast (9)
 G - a wand of flame (27)
Scrolls
 f - 2 scrolls of noise
 h - 2 scrolls of blinking
 i - a scroll of amnesia
 j - 4 scrolls of teleportation
 m - 3 scrolls of magic mapping
 o - 3 scrolls of poison
 r - 3 scrolls of enchant weapon
 s - a scroll of enchant armour {unknown}
 y - a scroll of torment {unknown}
 B - a scroll of immolation {unknown}
Potions
 c - a potion of ambrosia
 n - a potion of haste
 t - a potion of attraction
 u - a potion of flight {unknown}
 x - a potion of curing
 F - a potion of invisibility {unknown}


   Skills:
 + Level 6.4 Fighting
 * Level 9.1 Long Blades
 + Level 3.2 Armour
 * Level 9.8 Dodging
 + Level 6.3 Stealth


You had 8 spell levels left.
You didn't know any spells.
Your spell library contained the following spells:

 Spells                   Type           Power      Damage    Failure   Level
 Apportation              Tloc           0%         N/A       100%        1
 Necrotise                Necr           0%         1d4       100%        1
 Summon Small Mammal      Summ           0%         N/A       100%        1
 Ensorcelled Hibernation  Hex/Ice        0%         N/A       100%        2
 Passwall                 Tmut/Erth      0%         N/A       100%        2
 Static Discharge         Conj/Air       0%         2-2/arc   100%        2
 Call Canine Familiar     Summ           0%         N/A       100%        3
 Portal Projectile        Hex/Tloc       0%         N/A       100%        3
 Swiftness                Air            0%         N/A       100%        3
 Vhi's Electric Charge    Tloc/Air       0%         N/A       100%        3
 Leda's Liquefaction      Hex/Erth       0%         N/A       100%        4
 Summon Lightning Spire   Summ/Air       0%         N/A       100%        4
 Arcjolt                  Conj/Air       0%         1d10      100%        5
 Lightning Bolt           Conj/Air       0%         1d11      100%        5
 Storm Form               Tmut/Air       0%         N/A       100%        7
 Maxwell's Capacitive Co  Air            0%         ∞         100%        8


Dungeon Overview and Level Annotations

Branches:
Dungeon (8/15)             Temple (0/1) D:7
   Lair: D:8-11

Altars:
Dithmenos
Kikubaaqudgha
Nemelex Xobeh
Okawaru
Uskayaw
Yredelemnul

Shops:
D:5 (?

Annotations:
D:4 1 runed translucent door, VibeKiller's ghost, novice SpEn
D:7 2 transporters, Darkkill's ghost, novice MiHu


Innate Abilities, Weirdness & Mutations

((You are very nimble when in or above water. (Stealth+, EV+, Speed+++)))
Your lower body shifts to a powerful aquatic tail in water.
Your spells are a little harder to cast, but a little more powerful.


Message History

You barely miss the water moccasin.
The water moccasin is moderately wounded.
The water moccasin bites you but does no damage.
You slash the water moccasin!
The water moccasin is almost dead.
You hit the water moccasin.
The water moccasin is almost dead.
The water moccasin barely misses you.
You miss the water moccasin. Your punch misses the water moccasin.
The water moccasin is almost dead.
The water moccasin closely misses you.
You slash the water moccasin!
You kill the water moccasin!
The dead are slithering!
The yak barely misses your water moccasin zombie.
You swap places.
You are no longer berserk.
You are exhausted.
You feel yourself slow down. The gnoll barely misses you.
Things that are here:
a +0 war axe; a +0 robe You slash the yak!
The yak is lightly wounded.
The yak gores you!
* * * LOW HITPOINT WARNING * * *
The gnoll closely misses you.
You hit the yak but do no damage.
The yak is lightly wounded.
The yak closely misses you. The gnoll hits you but does no damage.
You hit the yak.
The yak is moderately wounded.
The yak gores you.
* * * LOW HITPOINT WARNING * * *
You closely miss the yak.
The yak is moderately wounded.
The gnoll hits you with a +0 hand axe.
* * * LOW HITPOINT WARNING * * *
The yak gores you!
You die...
Your body rises from the dead as a mindless zombie. #..## ##..# # #..## #. #..# #.# #..# #zF# ####..####### #lz

##............
..o###g###.........####
.gggogY@ZZ.........#
.og#######.........#
#.........# #.........#
#.....[...# #.........#
#.........# ###########


You could see a yak (ally target), a basilisk, a bullfrog, 2 wights, 5 gnolls, 3
orcs, a goblin, a friendly water moccasin zombie and a friendly steam dragon
zombie.

Vanquished Creatures
  2 wyverns
  A basilisk (D:8)
  A steam dragon (D:8)
  2 water moccasins
  2 orc warriors (D:7)
  A sky beast (D:7)
  An ogre (D:7)
  A centaur (D:7)
  A phantom (D:5)
  A kobold brigand (D:7)
  A wight (D:8)
  2 howler monkeys
  2 hounds (D:6)
  6 orc priests
  3 jellies
  A gnoll bouda (D:6)
  Jessica (D:3)
  2 iguanas
  4 orc wizards
  Robin (D:4)
  6 gnolls
  7 adders
  An ufetubus (D:4)
  2 worms (D:2)
  14 orcs
  8 ball pythons
  4 bats
  6 endoplasms
  2 giant cockroaches (D:2)
  11 goblins
  11 hobgoblins
  5 jackals
  5 quokkas
  2 frilled lizards
  12 kobolds
  2 rats (D:1)
134 creatures vanquished.

Vanquished Creatures (collateral kills)
  A water moccasin (D:7)
  An orc warrior (D:7)
  A black bear (D:5)
  An ogre (D:4)
  An iguana (D:7)
  A gnoll (D:5)
  2 adders
  4 orcs
  A kobold (D:7)
13 creatures vanquished.

Vanquished Creatures (others)
  A wyvern zombie (D:7)
  A water moccasin zombie (D:7)
  A sky beast zombie (D:7)
  An adder zombie (D:4)
  An orc (D:7)
  A ball python zombie (D:4)
  2 goblin zombies (D:4)
  2 hobgoblin zombies (D:4)
  2 jackal zombies (D:5)
  4 orc zombies
  A plant (D:2)
  2 withered plants (D:4)
19 creatures vanquished.

Grand Total: 166 creatures vanquished

Notes
Turn   | Place    | Note
-------+----------+-------------------------------------------
     0 | D:1      | purpskrrrp the Merfolk Monk began the quest for the Orb.
     0 | D:1      | Reached XP level 1. HP: 18/18 MP: 1/1
   288 | D:1      | Reached XP level 2. HP: 24/24 MP: 2/2
   810 | D:1      | Reached XP level 3. HP: 26/29 MP: 3/3
  1200 | D:2      | Found a faded altar of an unknown god.
  1504 | D:2      | Identified a scroll of acquirement
  1504 | D:2      | Acquired 515 gold pieces
  1599 | D:2      | Reached XP level 4. HP: 34/37 MP: 4/4
  2150 | D:2      | Prayed at the altar of an unknown god.
  2150 | D:2      | Became a worshipper of Yredelemnul the Dark
  2150 | D:2      | Reached * piety under Yredelemnul
  2150 | D:2      | Reached ** piety under Yredelemnul
  2325 | D:3      | Acquired the +7 plate armour of the Slug {-Cast rPois
                  | Str+4}
  2563 | D:3      | Noticed Jessica
  2576 | D:3      | Killed Jessica
  2745 | D:3      | Reached skill level 5 in Long Blades
  2963 | D:3      | Reached XP level 5. HP: 42/42 MP: 5/5
  2975 | D:3      | Found a shadowy altar of Dithmenos.
  2979 | D:3      | Found an ancient bone altar of Kikubaaqudgha.
  2979 | D:3      | Found an iron altar of Okawaru.
  2987 | D:3      | Found a sparkling altar of Nemelex Xobeh.
  2990 | D:3      | Found a hide-covered altar of Uskayaw.
  3102 | D:4      | Reached skill level 5 in Dodging
  3183 | D:4      | Noticed Robin
  3197 | D:4      | Killed Robin
  3356 | D:4      | Noticed an ogre
  3382 | D:4      | Killed an ogre
  3383 | D:4      | Reached XP level 6. HP: 28/49 MP: 3/6
  3547 | D:4      | Found a basalt altar of Yredelemnul.
  3564 | D:4      | Reached skill level 1 in Armour
  3685 | D:4      | Found a runed translucent door.
  3685 | D:4      | Noticed VibeKiller's ghost (novice SpEn)
  4019 | D:5      | Entered Level 5 of the Dungeon
  4441 | D:5      | Found Utyak's Magic Scroll Emporium.
  4448 | D:5      | Bought a scroll of enchant weapon for 105 gold pieces
  4503 | D:5      | Reached XP level 7. HP: 51/55 MP: 7/7
  4641 | D:5      | Found Toxkas's Antique Weapon Shop.
  4644 | D:5      | Bought a glowing scimitar for 161 gold pieces
  4644 | D:5      | Bought a glowing scimitar for 161 gold pieces
  5467 | D:6      | Reached skill level 5 in Fighting
  5547 | D:6      | Reached XP level 8. HP: 54/62 MP: 6/8
  6563 | D:7      | Noticed a wyvern
  6568 | D:7      | Killed a wyvern
  6569 | D:7      | Reached skill level 5 in Stealth
  6628 | D:7      | Found a staircase to the Ecumenical Temple.
  6638 | D:7      | Reached XP level 9. HP: 52/69 MP: 7/9
  6946 | D:7      | Reached *** piety under Yredelemnul
  7073 | D:7      | Found a transporter.
  7125 | D:7      | Reached **** piety under Yredelemnul
  7301 | D:7      | Noticed a two-headed ogre
  7314 | D:7      | Noticed Darkkill's ghost (novice MiHu)
  7327 | D:7      | Found a transporter.
  7437 | D:7      | Gained mutation: Your spells are a little harder to cast,
                  | but a little more powerful. [potion of mutation]
  7572 | D:8      | Slain by a yak

Illustrated notes

Levels and vault maps discovered:
D:1:      lemuel_arrival_tunnels, layout_basic
D:2:      layout_basic, nicolae_ecumenical_lake_church, serial_forest,
          infiniplex_forest_clump_small, infiniplex_forest_clump_small,
          infiniplex_forest_straight_3, infiniplex_forest_straight_1,
          infiniplex_forest_lined_2
D:3:      layout_loops_corners, minmay_overflow_temple_star_hex, uniq_jessica
D:4:      layout_basic, yredelemnul_altar_generic, gammafunk_ghost_grave,
          uniq_robin
D:5:      layout_gridville, serial_shops, kennysheep_mini, abandoned_shop,
          nicolae_stop_n_shop_1
D:6:      layout_basic
D:7:      layout_cave_pools, minmay_temple_entry_offerings,
          gammafunk_ghost_arena
D:8:      layout_basic, mainiacjoe_overflow_24_doors, david_lair_generic,
          lightli_bailey_entry_fortress

Skill      XL: |  1  2  3  4  5  6  7  8  9 |
---------------+----------------------------+-----
Long Blades    | 4 5 6 8 9 |  9.1
Stealth        | 3 4 5 6 |  6.3
Dodging        | 5 6 7 8 9 |  9.8
Fighting       | 4 5 6 |  6.4
Armour         | 1 2 3 |  3.2

Action                   |  1- 3 |  4- 6 |  7- 9 || total
-------------------------+-------+-------+-------++-------
Melee: Falchion          |   117 |   186 |   369 ||   672
       Punch             |     1 |     1 |     7 ||     9
  Use: Scroll            |     2 |     2 |    10 ||    14
       Potion            |     1 |       |     5 ||     6
 Stab: Sleeping          |     9 |     1 |       ||    10
       Distracted        |     1 |       |     3 ||     4
Armor: Robe              |    25 |     1 |       ||    26
       Plate armour      |       |   102 |   234 ||   336
Dodge: Dodged            |    81 |    59 |   129 ||   269

Table legend: (Time is in decaauts)
 A = Elapsed time spent in this place.
 B = Non-inter-level travel time spent in this place.
 C = Inter-level travel time spent in this place.
 D = Time resting spent in this place.
 E = Time spent auto-exploring this place.
 F = Levels seen in this place.
 G = Mean time per level.
                   A        B        C        D        E       F      G
               +--------+--------+--------+--------+--------+-----+--------+
         Total |   7515 |   7239 |    276 |    571 |   5343 |   8 |  939.4 |
       Dungeon |   7515 |   7239 |    276 |    571 |   5343 |   8 |  939.4 |
               +--------+--------+--------+--------+--------+-----+--------+

Top non-repeatable levels by time:
     D:4: 1323 daAuts
     D:6: 1117 daAuts
     D:2: 1089 daAuts
     D:1: 1074 daAuts
     D:5: 1007 daAuts
     D:3: 928 daAuts
     D:7: 897 daAuts
     D:8: 78 daAuts
